Arrhythmia, neutral female human Tourist -------- ######################################### |......-############---------------------------------# # ----------- |......| #|...............................|# ##..........| |.......# #|.------------.....------------.|# |.>.......| |......|### #|.|%%%|...|(%|.....+ |(((|...|.|# ----------- |......| # ###|.|!(!|...|%%|.....| |(((|...|.|# |..<....############..|!.!|...|..|.....| |...|...|.|# -------- ### |.|...|...--|-.....----|---.|-..|# # |.--|--|---^.......@.............# ### |...@.........{......{...........##### # |.--|--+---....--|---...........|## ### |.|...|...|---.|....|.-----|---.|##### # |.|.).|...|..-.|....|.-..|....|.| #0 --------- ### |.|...|...|..|.|.(_.|.|..|....|.| ## |.......| # |.|...|...|..|.|....|.|..|....|.| |........## |.------------.------.---------.| |.......| |...............................| --------- --------------------------------- Arrhythmia the Excursionist Experience level: 6 Strength: 13 Dexterity: 12 Constitution: 17 Intelligence: 15 Wisdom: 7 Charisma: 14 Health: 30(56) Energy: 20(20) AC: 3 Gold: 1010 Moves: 1703 Your Inventory: Coins $ - 1010 gold pieces Weapons a - 17 uncursed +2 darts (in quiver) p - 2 [uncursed +0] crude daggers [orcish] (wielded) A - 10 [uncursed +0] darts Armor l - an uncursed +0 Hawaiian shirt (being worn) q - an [uncursed] +0 elven mithril-coat r - an [uncursed] +0 iron skull cap [orcish helm] (being worn) y - an [uncursed] +0 pair of fencing gloves [gauntlets of dexterity] (being worn) B - an [uncursed] +0 slippery cloak [oilskin] (being worn) H - a cursed -1 elven mithril-coat (being worn) Comestibles b - 2 uncursed [stale] eggs e - an uncursed clove of garlic f - 3 uncursed tripe rations h - an uncursed Hot Futa Mare Dick s - an [uncursed] fortune cookie Scrolls k - 4 uncursed scrolls of magic mapping Spellbooks w - an [uncursed] spellbook of light Potions j - 2 blessed potions of extra healing I - a [cursed] emerald potion [of gain ability] Rings x - an [uncursed] plastic ring [of warning] Tools m - an uncursed expensive camera (0:36) n - an uncursed credit card v - an [uncursed] blindfold z - an [uncursed] key [skeleton key] C - an [uncursed] key [skeleton key] G - 7 [uncursed tallow] candles Gems J - 2 [uncursed] black gems [worthless glass] Spells known in the end: Name Level Category Fail Memory a - light 1 divination 100% [||||||||] Your skills at the end: Fighting Skills Weapon Skills dart [Basic / Expert] Spellcasting Skills Final Attributes: You were devoutly aligned. Hunger level was 667. Your alignment was 17 / 18. Monster difficulty range was 1 - 6. Level difficulty was 7. You were telepathic. Your luck was zero. You survived. Vanquished creatures: a gnome lord 3 gnomish wizards a kobold mummy a floating eye a kitten a homunculus an acid blob a hobbit a green mold 10 gnomes 3 garter snakes a gnome zombie 3 geckos a jackal a kobold 2 goblins 3 grid bugs a lichen 36 creatures vanquished. Voluntary challenges: You were an atheist. You used a wielded weapon 55 times. You read items or engraved 1 time. You put on armor 7 times. You never genocided any monsters. You never polymorphed an object. You never changed form. You used no wishes. You never wrote Elbereth's name. You never encountered a bones level. You never used any Sokoban shortcuts. Dungeon overview: The Dungeons of Doom: levels 1 to 3 Level 1 a long staircase Level 3 a general store stairs to The Gnomish Mines The Gnomish Mines: levels 4 to 7 Level 4 stairs to The Dungeons of Doom Level 7 <- You were here some shops, a temple, a magic chest, some fountains History has recorded: On T:1 you entered the Dungeons of Doom to retrieve the Amulet of Yendor! On T:250 you reached level 2 of The Dungeons of Doom. On T:288 you advanced to experience level 2. On T:490 you advanced to experience level 3. On T:582 you reached level 3 of The Dungeons of Doom. On T:825 you advanced to experience level 4. On T:1013 you reached level 1 of The Gnomish Mines. On T:1116 you advanced to experience level 5. On T:1134 you reached level 4 of The Gnomish Mines. On T:1472 you advanced to experience level 6. Latest messages: You succeed in opening the tin. It smells like brown puddings. You consume broiled brown pudding. [4 turns] Partly explored, can't reach some places. The dart misses the watch captain. The dart misses the watch captain. The watch captain gets angry! a - an uncursed +2 dart (in quiver). The watch captain wields a long sword! "Aloha, Arrhythmia! Welcome again to Bordeyri's general store!" a - an uncursed +2 dart (in quiver). The watch captain swings her long sword. The watch captain hits! The watch captain swings her long sword. The watch captain hits! [HP-26=30] Final status: Aloha Arrhythmia the Tourist... You quit in The Gnomish Mines on dungeon level 7 with 1631 points, and 1010 pieces of gold, after 1703 moves. You were level 6 with a maximum of 56 hit points when you quit.